 Dungeon Crawl Stone Soup version 0.19.5 (webtiles) character file.

420 Kosschaser the Slasher (level 6, -3/56 HPs)
             Began as a Deep Dwarf Fighter on Mar 3, 2017.
             Killed from afar by a crimson imp (21 damage)
             ... with a wand of lightning
             ... on level 4 of the Dungeon.
             The game lasted 00:10:40 (2063 turns).

Kosschaser the Slasher (Deep Dwarf Fighter)         Turns: 2063, Time: 00:10:41

Health: -3/56      AC:  8    Str: 21    XL:     6   Next: 62%
Magic:  13/13      EV:  8    Int:  9    God:
Gold:   84         SH: 10    Dex: 12    Spells: 0 memorised, 5 levels left

rFire  . . .     SeeInvis .     a - +0 long sword
rCold  . . .     Gourm    .     b - +0 scale mail
rNeg   . . .     Faith    .     c - +0 shield
rPois  .         Spirit   .     (no helmet)
rElec  .         Reflect  .     o - +0 cloak
rCorr  .         Harm     .     (no gloves)
MR     +....                    (no boots)
Stlth  ..........               (no amulet)
                                r - ring of magical power
                                n - ring of protection from magic

@: non-regenerating
A: damage resistance, recharge devices, sense surroundings 1, slow regeneration
3
a: Device Recharging


You were on level 4 of the Dungeon.
You were not hungry.

You visited 1 branch of the dungeon, and saw 4 of its levels.

You collected 84 gold pieces.

Inventory:

Hand Weapons
 a - a +0 long sword (weapon)
Armour
 b - a +0 scale mail (worn)
 c - a +0 shield (worn)
 o - a +0 cloak (worn)
Jewellery
 n - a ring of protection from magic (left hand)
 r - a ring of magical power (right hand)
Wands
 e - a wand of heal wounds (3/9)
 t - a wand of acid (9/15)
Scrolls
 g - a scroll of amnesia {unknown}
 h - 3 scrolls of teleportation {unknown}
 j - a scroll of enchant armour {unknown}
 k - 3 scrolls of remove curse {unknown}
 l - 2 scrolls of identify {unknown}
 m - a scroll of recharging {unknown}
 p - a scroll of random uselessness {unknown}
Potions
 d - a potion of might
 u - a potion of curing {unknown}
Comestibles
 f - 2 bread rations
 i - 5 meat rations
 q - a slice of pizza
 s - 5 fruits


   Skills:
 + Level 3.4 Fighting
 + Level 4.6 Long Blades
 + Level 4.5 Armour
 + Level 2.2 Dodging
 + Level 4.6 Shields
 + Level 0.3 Evocations


You had 5 spell levels left.
You didn't know any spells.

Dungeon Overview and Level Annotations

Branches:
Dungeon (4/15)
 Temple: D:4-7

Altars:
Xom


Innate Abilities, Weirdness & Mutations

You are resistant to damage.
You can recharge devices by infusing magical energy.
You passively map a small area around you.
You do not regenerate.


Message History

Found a shimmering altar of Xom.
The crimson imp shouts!
The teleport trap disappears.
The crimson imp disappears!
The teleport trap disappears.
The crimson imp disappears!
The crimson imp picks up a fluorescent wand.
There is an open door here.
The crimson imp shouts!
The teleport trap disappears.
The crimson imp disappears!
The teleport trap disappears.
The crimson imp disappears!
You open the door.
There is an open door here.
There is an open door here.
There is a shimmering altar of Xom here.
There is an open door here.
The crimson imp is too close now for your liking.
You block the crimson imp's attack.
You barely miss the crimson imp.
The crimson imp zaps a wand.
The bolt of lightning hits the crimson imp.
The bolt of lightning hits you! x2
You die...

, #.# #.#.#.## * #.#
#.#.#.# , ,* ####'####
#.#.#.# ,* *
#.......######.#.#.#
......###._.###......#.#.#
......#.......#.....>..#.#
,
#....####'##########..#.#
#..... #.# #........#.##
#..... ##@# #....##..#...
*
#.....##5.####............
#.....5......###..........
,#..........#.#
#.......#.. #.....####.#.#
#.......... ....###*
##'#'########..... , ...
,* #..........##..... ..,,
* #..........####..# , , ,
##..).......# #..#


You could see 2 crimson imps.

Vanquished Creatures
  5 orc priests
  2 hounds (D:4)
  2 worker ants (D:4)
  7 adders
  4 worms
  2 dart slugs (D:3)
  4 leopard geckos
  13 orcs
  4 giant cockroaches
  4 goblins
  5 hobgoblins
  2 quokkas
  9 bats
  3 frilled lizards
  8 kobolds
  7 rats
81 creatures vanquished.

Vanquished Creatures (others)
  An orc wizard (D:3)
  4 toadstools (D:1)
5 creatures vanquished.

Grand Total: 86 creatures vanquished

Notes
Turn   | Place    | Note
-------+----------+-------------------------------------------
     0 | D:1      | Kosschaser the Deep Dwarf Fighter began the quest for the Orb.
     0 | D:1      | Reached XP level 1. HP: 20/20 MP: 1/1
    82 | D:1      | Reached XP level 2. HP: 22/27 MP: 2/2
   512 | D:1      | You fall through a shaft!
   734 | D:2      | Reached XP level 3. HP: 24/33 MP: 3/3
  1120 | D:3      | Reached XP level 4. HP: 22/42 MP: 4/4
  1455 | D:3      | Reached skill level 1 in Dodging
  1455 | D:3      | Reached XP level 5. HP: 24/49 MP: 5/5
  1831 | D:4      | Reached XP level 6. HP: 18/56 MP: 5/5
  2033 | D:4      | Found a shimmering altar of Xom.
  2063 | D:4      | Killed from afar by a crimson imp

Skill      XL: |  1  2  3  4  5 |
---------------+----------------+-----
Fighting       | 3 |  3.4
Long Blades    | 3 4 |  4.6
Armour         | 4 |  4.5
Shields        | 4 |  4.6
Dodging        | 1 2 |  2.2
Evocations     | |  0.3

Action                   |  1- 3 |  4- 6 || total
-------------------------+-------+-------++-------
Melee: Long sword        |   152 |   234 ||   386
 Abil: Device Recharging |       |     2 ||     2
Evoke: Wand              |       |    11 ||    11
  Eat: Chunk             |     1 |     4 ||     5
Armor: Scale mail        |    78 |   111 ||   189
Dodge: Dodged            |    54 |    84 ||   138
Block: Shield            |   102 |   137 ||   239
       Rpst.: Long sword |    17 |    27 ||    44
